2986 views
Uploaded 2020-02-08 19:43:56
Game version 1.32 / 1.32.1
31:25 long 4on4 ladder game on (8)NerubianPassage
Saved by BEARAND
2986 views
Uploaded 2020-02-08 19:43:56
Game version 1.32 / 1.32.1
31:25 long 4on4 ladder game on (8)NerubianPassage


109 units @ 9.9k
/ 0.8k
291 buildings @ 19.4k
/ 10.7k


| Healing Salve | 1 | 100 |
| Orb of Lightning | 1 | 375 |
| Boots of Speed | 2 | 500 |
| Staff of Teleportation | 2 | 300 |
| Staff of Sanctuary | 1 | 250 |
| Scourge Bone Chimes | 1 | 400 |
| Sentry Wards | 1 | 150 |
| Helm of Valor | 1 | 500 |
| Boots of Quel'Thalas +6 | 1 | 400 |
| total: | 11 | 2975g |
| Peon | 13 | 975 | / | 0 |
| Troll Batrider | 13 | 2080 | / | 520 |
| Goblin Shredder | 1 | 375 | / | 100 |
| total: | 27 | 3430g | / | 620w |
| Watch Tower | 33 | 3630 | / | 2640 |
| Altar of Storms | 2 | 360 | / | 100 |
| Orc Burrow | 3 | 480 | / | 120 |
| War Mill | 1 | 205 | / | 0 |
| Voodoo Lounge | 2 | 260 | / | 60 |
| Great Hall | 2 | 770 | / | 370 |
| Beastiary | 7 | 1015 | / | 980 |
| Stronghold | 1 | 315 | / | 190 |
| Fortress | 1 | 325 | / | 190 |
| total: | 50 | 6720g | / | 4270w |
| 0:02 | Peon |
| 0:02 | Peon |
| 0:05 | Altar of Storms |
| 0:18 | Orc Burrow |
| 0:21 | Peon |
| 0:40 | Peon |
| 0:48 | War Mill |
| 0:53 | Peon |
| 1:07 | Voodoo Lounge |
| 1:14 | Peon |
| 1:21 | Peon |
| 1:38 | Orc Burrow |
| 1:46 | Peon |
| 2:04 | Watch Tower |
| 2:08 | Wind Walk |
| 2:10 | Peon |
| 2:12 | Healing Salve |
| 2:25 | Watch Tower |
| 2:35 | Peon |
| 2:51 | Peon |
| 2:52 | Peon |
| 3:22 | Stronghold |
| 3:53 | Watch Tower |
| 3:55 | Watch Tower |
| 4:08 | Boots of Speed |
| 4:25 | Orc Burrow |
| 5:14 | Watch Tower |
| 5:16 | Watch Tower |
| 5:55 | Critical Strike |
| 6:14 | Peon |
| 6:19 | Beastiary |
| 6:21 | Reinforced Defenses |
| 6:24 | Beastiary |
| 6:30 | Watch Tower |
| 6:33 | Watch Tower |
| 6:52 | Fortress |
| 6:55 | Hex |
| 7:39 | Watch Tower |
| 7:40 | Watch Tower |
| 7:41 | Watch Tower |
| 7:44 | Troll Batrider |
| 8:03 | Staff of Teleportation |
| 8:06 | Boots of Speed |
| 8:49 | Watch Tower |
| 8:55 | Troll Batrider |
| 8:59 | Beastiary |
| 9:15 | Liquid Fire |
| 9:21 | Healing Wave |
| 9:28 | Goblin Shredder |
| 9:54 | Watch Tower |
| 10:32 | Troll Batrider |
| 10:35 | Troll Batrider |
| 10:37 | Steel Ranged Weapons |
| 10:38 | Wind Walk |
| 10:59 | Troll Batrider |
| 11:25 | Scourge Bone Chimes |
| 11:42 | Watch Tower |
| 12:19 | Thorium Ranged Weapons |
| 12:41 | Watch Tower |
| 12:45 | Voodoo Lounge |
| 13:24 | Staff of Teleportation |
| 13:29 | Watch Tower |
| 13:39 | Beastiary |
| 13:43 | Beastiary |
| 14:11 | Healing Wave |
| 14:38 | Beastiary |
| 14:45 | Watch Tower |
| 14:48 | Watch Tower |
| 14:56 | Watch Tower |
| 14:59 | Watch Tower |
| 15:50 | Beastiary |
| 15:53 | Steel Armor |
| 16:09 | Watch Tower |
| 16:11 | Watch Tower |
| 16:12 | Watch Tower |
| 16:21 | Watch Tower |
| 16:49 | Great Hall |
| 16:53 | Great Hall |
| 17:21 | Staff of Sanctuary |
| 17:31 | Watch Tower |
| 17:49 | Troll Batrider |
| 18:52 | Arcanite Ranged Weapons |
| 19:03 | Watch Tower |
| 19:27 | Troll Batrider |
| 20:07 | Watch Tower |
| 20:08 | Watch Tower |
| 20:09 | Watch Tower |
| 20:20 | Critical Strike |
| 20:23 | Troll Batrider |
| 21:10 | Critical Strike |
| 21:52 | Watch Tower |
| 21:53 | Watch Tower |
| 21:58 | Troll Batrider |
| 22:05 | Watch Tower |
| 22:09 | Spiked Barricades |
| 22:28 | Sentry Wards |
| 22:34 | Helm of Valor |
| 22:35 | Boots of Quel'Thalas +6 |
| 23:10 | Watch Tower |
| 23:12 | Improved Spiked Barricades |
| 23:13 | Orb of Lightning |
| 24:20 | Troll Batrider |
| 24:20 | Troll Batrider |
| 26:08 | Hex |
| 26:53 | Critical Strike |
| 27:58 | Healing Wave |
| 28:31 | Altar of Storms |
| 30:11 | Troll Batrider |
| 30:12 | Troll Batrider |
| Right click | 1712 |
| Select group | 553 |
| Select | 524 |
| Use ability | 129 |
| Misc. action | 128 |
| Build/train/purchase | 90 |
| Chat | 30 |
| Assign group | 21 |
| Minimap ping | 18 |
| Item give/drop | 8 |
| Esc | 1 |



| Staff of Sanctuary | 3 | 750 |
| Mechanical Critter | 2 | 100 |
| Boots of Speed | 4 | 1000 |
| Staff of Teleportation | 3 | 450 |
| Healing Salve | 1 | 100 |
| Orb of Lightning | 2 | 750 |
| Healing Wards | 2 | 900 |
| Robe of the Magi +6 | 2 | 800 |
| total: | 19 | 4850g |
| Peasant | 17 | 1275 | / | 0 |
| Priest | 1 | 135 | / | 10 |
| Dragonhawk Rider | 4 | 800 | / | 120 |
| total: | 22 | 2210g | / | 130w |
| Scout Tower | 116 | 3480 | / | 2320 |
| Arcane Tower | 11 | 770 | / | 550 |
| Guard Tower | 56 | 3920 | / | 2800 |
| Altar of Kings | 1 | 180 | / | 50 |
| Farm | 5 | 400 | / | 100 |
| Lumber Mill | 1 | 120 | / | 0 |
| Town Hall | 1 | 385 | / | 205 |
| Arcane Vault | 2 | 260 | / | 60 |
| Blacksmith | 1 | 140 | / | 60 |
| Barracks | 1 | 160 | / | 60 |
| Arcane Sanctum | 1 | 150 | / | 140 |
| Gryphon Aviary | 1 | 140 | / | 150 |
| Keep | 1 | 320 | / | 210 |
| Castle | 1 | 360 | / | 210 |
| total: | 130 | 5415g | / | 3145w |
| 0:02 | Peasant |
| 0:02 | Peasant |
| 0:09 | Altar of Kings |
| 0:17 | Peasant |
| 0:18 | Farm |
| 0:25 | Peasant |
| 0:34 | Peasant |
| 0:40 | Farm |
| 0:44 | Scout Tower |
| 0:45 | Peasant |
| 1:05 | Lumber Mill |
| 1:06 | Peasant |
| 1:17 | Peasant |
| 1:20 | Scout Tower |
| 1:34 | Peasant |
| 1:37 | Arcane Tower |
| 1:42 | Peasant |
| 1:43 | Peasant |
| 2:00 | Scout Tower |
| 2:02 | Scout Tower |
| 2:07 | Blizzard |
| 2:08 | Guard Tower |
| 2:43 | Guard Tower |
| 2:53 | Scout Tower |
| 2:53 | Scout Tower |
| 2:54 | Scout Tower |
| 3:24 | Peasant |
| 3:25 | Peasant |
| 3:35 | Guard Tower |
| 3:41 | Boots of Speed |
| 3:41 | Staff of Teleportation |
| 3:52 | Healing Salve |
| 4:05 | Guard Tower |
| 4:06 | Keep |
| 4:19 | Guard Tower |
| 5:15 | Brilliance Aura |
| 5:19 | Improved Masonry |
| 5:21 | Guard Tower |
| 5:23 | Scout Tower |
| 5:23 | Scout Tower |
| 5:24 | Scout Tower |
| 5:25 | Scout Tower |
| 6:30 | Town Hall |
| 6:39 | Farm |
| 6:44 | Advanced Masonry |
| 6:49 | Scout Tower |
| 6:50 | Scout Tower |
| 6:50 | Scout Tower |
| 6:51 | Scout Tower |
| 6:54 | Scout Tower |
| 6:54 | Scout Tower |
| 6:55 | Scout Tower |
| 6:55 | Scout Tower |
| 7:07 | Arcane Vault |
| 7:10 | Arcane Vault |
| 7:22 | Arcane Tower |
| 7:22 | Guard Tower |
| 7:29 | Arcane Sanctum |
| 7:42 | Guard Tower |
| 7:42 | Guard Tower |
| 8:46 | Guard Tower |
| 8:46 | Guard Tower |
| 8:52 | Guard Tower |
| 8:53 | Guard Tower |
| 8:54 | Arcane Tower |
| 9:14 | Storm Bolt |
| 9:50 | Healing Wards |
| 9:52 | Robe of the Magi +6 |
| 10:21 | Blizzard |
| 10:23 | Castle |
| 10:25 | Peasant |
| 10:48 | Scout Tower |
| 10:49 | Scout Tower |
| 10:49 | Scout Tower |
| 10:50 | Scout Tower |
| 10:50 | Scout Tower |
| 10:51 | Scout Tower |
| 10:51 | Scout Tower |
| 10:52 | Scout Tower |
| 10:52 | Scout Tower |
| 10:53 | Scout Tower |
| 10:58 | Peasant |
| 11:04 | Scout Tower |
| 11:05 | Scout Tower |
| 11:05 | Scout Tower |
| 11:06 | Scout Tower |
| 11:06 | Scout Tower |
| 11:06 | Scout Tower |
| 11:07 | Scout Tower |
| 11:08 | Scout Tower |
| 11:55 | Guard Tower |
| 11:57 | Scout Tower |
| 11:58 | Scout Tower |
| 11:59 | Scout Tower |
| 11:59 | Scout Tower |
| 12:00 | Scout Tower |
| 12:01 | Scout Tower |
| 12:02 | Scout Tower |
| 12:02 | Guard Tower |
| 12:03 | Bash |
| 12:16 | Healing Wards |
| 12:32 | Guard Tower |
| 12:44 | Boots of Speed |
| 12:44 | Staff of Teleportation |
| 12:44 | Boots of Speed |
| 13:06 | Imbued Masonry |
| 13:08 | Guard Tower |
| 13:28 | Guard Tower |
| 13:29 | Guard Tower |
| 13:29 | Arcane Tower |
| 13:31 | Magic Sentry |
| 13:31 | Priest |
| 13:44 | Holy Light |
| 14:44 | Guard Tower |
| 15:18 | Boots of Speed |
| 15:18 | Staff of Teleportation |
| 15:24 | Guard Tower |
| 15:26 | Scout Tower |
| 15:27 | Scout Tower |
| 15:28 | Scout Tower |
| 15:29 | Scout Tower |
| 15:29 | Scout Tower |
| 15:30 | Scout Tower |
| 15:30 | Scout Tower |
| 15:31 | Scout Tower |
| 15:32 | Scout Tower |
| 16:08 | Orb of Lightning |
| 16:23 | Orb of Lightning |
| 16:29 | Guard Tower |
| 16:32 | Scout Tower |
| 16:32 | Scout Tower |
| 16:33 | Scout Tower |
| 16:34 | Scout Tower |
| 16:34 | Scout Tower |
| 16:35 | Scout Tower |
| 16:35 | Scout Tower |
| 16:36 | Scout Tower |
| 16:36 | Scout Tower |
| 17:11 | Guard Tower |
| 17:13 | Guard Tower |
| 17:17 | Scout Tower |
| 17:37 | Guard Tower |
| 17:39 | Scout Tower |
| 17:39 | Scout Tower |
| 17:40 | Scout Tower |
| 17:40 | Scout Tower |
| 17:41 | Scout Tower |
| 17:41 | Scout Tower |
| 17:42 | Scout Tower |
| 18:01 | Staff of Sanctuary |
| 18:18 | Staff of Sanctuary |
| 18:46 | Guard Tower |
| 18:55 | Arcane Tower |
| 18:56 | Guard Tower |
| 18:59 | Scout Tower |
| 19:00 | Scout Tower |
| 19:00 | Scout Tower |
| 19:00 | Scout Tower |
| 19:01 | Scout Tower |
| 19:01 | Scout Tower |
| 19:02 | Scout Tower |
| 19:02 | Scout Tower |
| 19:50 | Divine Shield |
| 19:52 | Brilliance Aura |
| 19:54 | Storm Bolt |
| 20:08 | Guard Tower |
| 20:11 | Gryphon Aviary |
| 20:12 | Blacksmith |
| 20:13 | Barracks |
| 20:15 | Guard Tower |
| 20:36 | Guard Tower |
| 20:38 | Scout Tower |
| 20:38 | Scout Tower |
| 20:39 | Scout Tower |
| 20:39 | Scout Tower |
| 20:40 | Scout Tower |
| 20:41 | Scout Tower |
| 20:41 | Scout Tower |
| 20:41 | Scout Tower |
| 20:42 | Scout Tower |
| 20:46 | Peasant |
| 20:50 | Peasant |
| 21:18 | Guard Tower |
| 21:20 | Guard Tower |
| 21:21 | Guard Tower |
| 21:23 | Scout Tower |
| 21:24 | Scout Tower |
| 21:24 | Scout Tower |
| 21:24 | Scout Tower |
| 21:28 | Scout Tower |
| 21:29 | Scout Tower |
| 21:30 | Scout Tower |
| 21:30 | Scout Tower |
| 21:30 | Scout Tower |
| 21:31 | Scout Tower |
| 21:31 | Scout Tower |
| 21:32 | Scout Tower |
| 21:33 | Scout Tower |
| 21:33 | Scout Tower |
| 21:33 | Scout Tower |
| 21:34 | Scout Tower |
| 21:47 | Staff of Sanctuary |
| 22:06 | Scout Tower |
| 22:10 | Scout Tower |
| 22:13 | Arcane Tower |
| 22:14 | Arcane Tower |
| 22:28 | Robe of the Magi +6 |
| 22:38 | Guard Tower |
| 22:47 | Guard Tower |
| 22:49 | Scout Tower |
| 22:53 | Scout Tower |
| 22:53 | Scout Tower |
| 22:54 | Scout Tower |
| 22:55 | Scout Tower |
| 22:55 | Scout Tower |
| 22:56 | Scout Tower |
| 22:57 | Scout Tower |
| 22:57 | Scout Tower |
| 22:58 | Scout Tower |
| 22:59 | Scout Tower |
| 23:06 | Guard Tower |
| 23:19 | Guard Tower |
| 23:24 | Arcane Tower |
| 23:24 | Guard Tower |
| 24:00 | Animal War Training |
| 24:01 | Studded Leather Armor |
| 24:02 | Dragonhawk Rider |
| 24:03 | Dragonhawk Rider |
| 24:03 | Farm |
| 24:32 | Mechanical Critter |
| 24:33 | Mechanical Critter |
| 24:39 | Guard Tower |
| 24:43 | Arcane Tower |
| 24:43 | Guard Tower |
| 24:44 | Guard Tower |
| 26:06 | Guard Tower |
| 26:54 | Reinforced Leather Armor |
| 26:55 | Dragonhawk Rider |
| 26:55 | Dragonhawk Rider |
| 26:57 | Farm |
| 27:46 | Holy Light |
| 29:52 | Dragonhide Armor |
| 29:52 | Iron Forged Swords |
| 30:07 | Guard Tower |
| 30:14 | Bash |
| 31:18 | Brilliance Aura |
| Right click | 2172 |
| Select | 817 |
| Select group | 486 |
| Build/train/purchase | 194 |
| Use ability | 110 |
| Chat | 63 |
| Misc. action | 31 |
| Assign group | 17 |
| Minimap ping | 15 |
| Item give/drop | 8 |
| Resource trade | 5 |
| Esc | 2 |



| Lesser Clarity Potion | 1 | 70 |
| Scroll of Regeneration | 4 | 400 |
| Staff of Sanctuary | 3 | 750 |
| Boots of Speed | 3 | 750 |
| Staff of Teleportation | 3 | 450 |
| Healing Salve | 3 | 300 |
| Orb of Lightning | 3 | 1125 |
| Claws of Attack +9 | 1 | 300 |
| Legion Doom-Horn | 1 | 500 |
| total: | 22 | 4645g |
| Peasant | 28 | 2100 | / | 0 |
| Priest | 3 | 405 | / | 30 |
| total: | 31 | 2505g | / | 30w |
| Scout Tower | 82 | 2460 | / | 1640 |
| Arcane Tower | 6 | 420 | / | 300 |
| Guard Tower | 31 | 2170 | / | 1550 |
| Altar of Kings | 1 | 180 | / | 50 |
| Lumber Mill | 1 | 120 | / | 0 |
| Farm | 5 | 400 | / | 100 |
| Arcane Vault | 5 | 650 | / | 150 |
| Town Hall | 1 | 385 | / | 205 |
| Arcane Sanctum | 1 | 150 | / | 140 |
| Keep | 3 | 960 | / | 630 |
| Castle | 1 | 360 | / | 210 |
| total: | 96 | 4345g | / | 2285w |
| 0:02 | Peasant |
| 0:04 | Altar of Kings |
| 0:12 | Peasant |
| 0:21 | Lumber Mill |
| 0:24 | Farm |
| 0:25 | Peasant |
| 0:39 | Peasant |
| 0:49 | Peasant |
| 0:52 | Farm |
| 1:09 | Peasant |
| 1:23 | Peasant |
| 1:32 | Scout Tower |
| 1:34 | Peasant |
| 1:35 | Improved Masonry |
| 1:43 | Scout Tower |
| 1:44 | Scout Tower |
| 1:49 | Peasant |
| 1:56 | Peasant |
| 2:05 | Blizzard |
| 2:06 | Arcane Tower |
| 2:07 | Scout Tower |
| 2:20 | Peasant |
| 2:21 | Guard Tower |
| 2:25 | Arcane Tower |
| 2:40 | Guard Tower |
| 2:44 | Scout Tower |
| 2:44 | Scout Tower |
| 2:46 | Guard Tower |
| 2:47 | Scout Tower |
| 2:47 | Scout Tower |
| 2:49 | Peasant |
| 2:49 | Peasant |
| 2:49 | Peasant |
| 3:13 | Brilliance Aura |
| 3:17 | Guard Tower |
| 3:26 | Keep |
| 3:27 | Peasant |
| 3:40 | Guard Tower |
| 3:41 | Scout Tower |
| 3:42 | Scout Tower |
| 3:43 | Guard Tower |
| 3:44 | Scout Tower |
| 3:45 | Scout Tower |
| 3:46 | Keep |
| 4:34 | Farm |
| 4:35 | Farm |
| 4:37 | Guard Tower |
| 4:38 | Scout Tower |
| 4:39 | Scout Tower |
| 4:54 | Guard Tower |
| 4:57 | Arcane Vault |
| 4:59 | Scout Tower |
| 5:00 | Scout Tower |
| 5:34 | Blizzard |
| 5:37 | Guard Tower |
| 5:42 | Scout Tower |
| 5:42 | Scout Tower |
| 5:53 | Town Hall |
| 6:09 | Peasant |
| 6:09 | Peasant |
| 6:10 | Peasant |
| 6:14 | Advanced Masonry |
| 6:14 | Improved Lumber Harvesting |
| 6:16 | Guard Tower |
| 6:27 | Boots of Speed |
| 6:28 | Staff of Teleportation |
| 7:16 | Flame Strike |
| 7:30 | Guard Tower |
| 7:31 | Scout Tower |
| 7:32 | Scout Tower |
| 7:33 | Castle |
| 7:36 | Scout Tower |
| 7:36 | Scout Tower |
| 7:37 | Scout Tower |
| 7:42 | Guard Tower |
| 7:44 | Scout Tower |
| 7:44 | Scout Tower |
| 7:46 | Scout Tower |
| 7:46 | Scout Tower |
| 7:48 | Scout Tower |
| 7:50 | Scout Tower |
| 7:50 | Scout Tower |
| 7:56 | Boots of Speed |
| 8:00 | Guard Tower |
| 8:02 | Arcane Sanctum |
| 8:04 | Peasant |
| 8:04 | Peasant |
| 8:05 | Peasant |
| 8:09 | Arcane Tower |
| 8:30 | Guard Tower |
| 8:33 | Scout Tower |
| 8:57 | Staff of Teleportation |
| 9:04 | Guard Tower |
| 9:06 | Healing Salve |
| 9:09 | Lesser Clarity Potion |
| 9:09 | Healing Salve |
| 9:30 | Arcane Vault |
| 9:31 | Scout Tower |
| 9:31 | Scout Tower |
| 9:33 | Guard Tower |
| 9:34 | Scout Tower |
| 9:35 | Scout Tower |
| 9:35 | Scout Tower |
| 9:37 | Peasant |
| 9:38 | Peasant |
| 10:02 | Brilliance Aura |
| 10:38 | Imbued Masonry |
| 10:59 | Rain of Fire |
| 11:07 | Guard Tower |
| 11:08 | Guard Tower |
| 11:09 | Arcane Tower |
| 11:10 | Guard Tower |
| 11:19 | Boots of Speed |
| 11:19 | Staff of Teleportation |
| 11:34 | Guard Tower |
| 11:38 | Peasant |
| 11:38 | Peasant |
| 11:38 | Peasant |
| 11:39 | Scout Tower |
| 11:40 | Scout Tower |
| 11:56 | Siphon Mana |
| 12:05 | Guard Tower |
| 12:12 | Peasant |
| 12:12 | Peasant |
| 12:12 | Advanced Lumber Harvesting |
| 12:19 | Scroll of Regeneration |
| 12:24 | Staff of Sanctuary |
| 12:32 | Guard Tower |
| 12:34 | Scout Tower |
| 12:35 | Scout Tower |
| 12:43 | Orb of Lightning |
| 12:49 | Guard Tower |
| 12:52 | Arcane Vault |
| 12:54 | Scout Tower |
| 12:55 | Scout Tower |
| 13:04 | Magic Sentry |
| 13:05 | Priest Adept Training |
| 13:05 | Priest |
| 13:34 | Guard Tower |
| 13:35 | Scout Tower |
| 13:36 | Scout Tower |
| 13:36 | Scout Tower |
| 13:37 | Scout Tower |
| 13:57 | Scout Tower |
| 13:57 | Scout Tower |
| 13:58 | Scout Tower |
| 13:59 | Scout Tower |
| 13:59 | Scout Tower |
| 14:00 | Scout Tower |
| 14:00 | Scout Tower |
| 14:01 | Scout Tower |
| 14:01 | Scout Tower |
| 14:02 | Scout Tower |
| 14:03 | Scout Tower |
| 14:03 | Scout Tower |
| 14:04 | Scout Tower |
| 14:04 | Scout Tower |
| 14:17 | Cleaving Attack |
| 14:31 | Guard Tower |
| 15:15 | Arcane Vault |
| 15:24 | Priest |
| 15:29 | Farm |
| 15:34 | Guard Tower |
| 15:36 | Scout Tower |
| 15:36 | Scout Tower |
| 15:57 | Flame Strike |
| 16:11 | Priest |
| 16:13 | Guard Tower |
| 16:19 | Scroll of Regeneration |
| 16:29 | Scout Tower |
| 16:30 | Scout Tower |
| 16:33 | Guard Tower |
| 16:34 | Guard Tower |
| 16:35 | Arcane Vault |
| 16:49 | Scout Tower |
| 16:50 | Scout Tower |
| 16:51 | Scout Tower |
| 16:51 | Scout Tower |
| 16:52 | Scout Tower |
| 16:52 | Scout Tower |
| 17:02 | Staff of Sanctuary |
| 18:28 | Orb of Lightning |
| 18:28 | Healing Salve |
| 18:51 | Scout Tower |
| 18:52 | Scout Tower |
| 18:52 | Scout Tower |
| 18:53 | Scout Tower |
| 18:53 | Scout Tower |
| 18:54 | Scout Tower |
| 19:55 | Rain of Fire |
| 20:11 | Scroll of Regeneration |
| 20:12 | Staff of Sanctuary |
| 20:24 | Blizzard |
| 20:31 | Guard Tower |
| 20:34 | Scout Tower |
| 20:35 | Scout Tower |
| 20:36 | Scout Tower |
| 20:36 | Scout Tower |
| 20:37 | Scout Tower |
| 20:37 | Scout Tower |
| 20:54 | Claws of Attack +9 |
| 22:00 | Guard Tower |
| 22:48 | Legion Doom-Horn |
| 25:48 | Scroll of Regeneration |
| 25:53 | Orb of Lightning |
| 26:08 | Arcane Tower |
| 29:45 | Arcane Tower |
| 30:12 | Cleaving Attack |
| Select group | 2039 |
| Right click | 2023 |
| Assign group | 425 |
| Select | 343 |
| Build/train/purchase | 167 |
| Use ability | 157 |
| Chat | 60 |
| Misc. action | 24 |
| Item give/drop | 10 |
| Remove unit | 3 |
| Minimap ping | 1 |



| Staff of Teleportation | 4 | 600 |
| Boots of Speed | 3 | 750 |
| Staff of Sanctuary | 3 | 750 |
| Runed Bracers | 1 | 400 |
| The Lion Horn of Stormwind | 1 | 400 |
| Talisman of Evasion | 1 | 300 |
| Ring of Regeneration | 1 | 300 |
| total: | 14 | 3500g |
| Wisp | 29 | 1740 | / | 0 |
| total: | 29 | 1740g | / | 0w |
| Altar of Elders | 1 | 180 | / | 50 |
| Moon Well | 10 | 1800 | / | 400 |
| Tree of Life | 2 | 680 | / | 370 |
| Ancient of Wonders | 1 | 90 | / | 30 |
| Hunter's Hall | 1 | 210 | / | 100 |
| Tree of Ages | 1 | 320 | / | 180 |
| Tree of Eternity | 1 | 330 | / | 200 |
| total: | 15 | 2960g | / | 950w |
| 0:01 | Wisp |
| 0:05 | Altar of Elders |
| 0:14 | Wisp |
| 0:17 | Moon Well |
| 0:18 | Wisp |
| 0:33 | Wisp |
| 0:44 | Moon Well |
| 0:48 | Wisp |
| 1:02 | Wisp |
| 1:13 | Wisp |
| 1:20 | Wisp |
| 1:37 | Wisp |
| 1:49 | Wisp |
| 1:49 | Wisp |
| 2:07 | Force of Nature |
| 2:17 | Wisp |
| 2:41 | Wisp |
| 2:53 | Wisp |
| 3:04 | Tree of Ages |
| 4:08 | Moon Well |
| 4:54 | Entangling Roots |
| 5:35 | Wisp |
| 5:35 | Wisp |
| 5:43 | Staff of Teleportation |
| 5:44 | Boots of Speed |
| 5:47 | Staff of Teleportation |
| 6:01 | Soul Burn |
| 6:07 | Boots of Speed |
| 6:43 | Tree of Eternity |
| 7:21 | Tree of Life |
| 7:52 | Ancient of Wonders |
| 8:14 | Moon Well |
| 8:16 | Moon Well |
| 8:33 | Moon Well |
| 8:37 | Incinerate |
| 9:06 | Entangling Roots |
| 9:18 | Frost Arrows |
| 9:40 | Moon Well |
| 10:06 | Hunter's Hall |
| 10:21 | Boots of Speed |
| 10:59 | Staff of Teleportation |
| 10:59 | Staff of Teleportation |
| 11:16 | Wisp |
| 11:16 | Wisp |
| 11:16 | Wisp |
| 11:20 | Moon Well |
| 11:36 | Runed Bracers |
| 12:09 | The Lion Horn of Stormwind |
| 12:39 | Well Spring |
| 12:40 | Wisp |
| 12:41 | Wisp |
| 12:41 | Wisp |
| 13:17 | Soul Burn |
| 13:57 | Forked Lightning |
| 14:39 | Wisp |
| 14:39 | Wisp |
| 14:39 | Wisp |
| 15:20 | Staff of Sanctuary |
| 15:52 | Staff of Sanctuary |
| 16:05 | Staff of Sanctuary |
| 16:13 | Moon Well |
| 16:13 | Moon Well |
| 17:17 | Thorns Aura |
| 17:23 | Ultravision |
| 17:24 | Nature's Blessing |
| 20:05 | Frost Arrows |
| 21:13 | Incinerate |
| 21:49 | Tree of Life |
| 24:21 | Wisp |
| 24:55 | Wisp |
| 24:55 | Wisp |
| 24:55 | Wisp |
| 26:44 | Forked Lightning |
| 28:17 | Soul Burn |
| 28:41 | Talisman of Evasion |
| 28:49 | Ring of Regeneration |
| 29:33 | Entangling Roots |
| Right click | 1548 |
| Select | 1197 |
| Select group | 822 |
| Resource trade | 107 |
| Use ability | 79 |
| Build/train/purchase | 73 |
| Assign group | 56 |
| Misc. action | 18 |
| Chat | 15 |
| Minimap ping | 10 |
| Item give/drop | 1 |
| Remove unit | 1 |
| Esc | 1 |
205 units @ 32.5k
/ 5.7k
79 buildings @ 11.6k
/ 5.3k


| Moonstone | 1 | 50 |
| Dust of Appearance | 2 | 150 |
| Scroll of Healing | 1 | 250 |
| Scroll of Town Portal | 1 | 350 |
| Potion of Lesser Invulnerability | 1 | 150 |
| Staff of Teleportation | 1 | 150 |
| Healing Salve | 1 | 100 |
| total: | 8 | 1200g |
| Wisp | 27 | 1620 | / | 0 |
| Archer | 11 | 1430 | / | 110 |
| Hippogryph | 8 | 1280 | / | 160 |
| Faerie Dragon | 3 | 465 | / | 75 |
| Glaive Thrower | 6 | 1260 | / | 390 |
| Chimaera | 6 | 1980 | / | 420 |
| total: | 61 | 8035g | / | 1155w |
| Altar of Elders | 1 | 180 | / | 50 |
| Moon Well | 7 | 1260 | / | 280 |
| Ancient of War | 1 | 150 | / | 60 |
| Hunter's Hall | 1 | 210 | / | 100 |
| Ancient of Wonders | 1 | 90 | / | 30 |
| Tree of Life | 2 | 680 | / | 370 |
| Ancient of Wind | 2 | 300 | / | 280 |
| Chimaera Roost | 1 | 140 | / | 190 |
| Tree of Ages | 1 | 320 | / | 180 |
| Tree of Eternity | 1 | 330 | / | 200 |
| total: | 16 | 3010g | / | 1360w |
| 0:05 | Altar of Elders |
| 0:07 | Moon Well |
| 0:08 | Wisp |
| 0:08 | Wisp |
| 0:38 | Ancient of War |
| 0:39 | Wisp |
| 0:40 | Wisp |
| 0:58 | Wisp |
| 0:58 | Wisp |
| 1:15 | Wisp |
| 1:31 | Moon Well |
| 1:34 | Wisp |
| 1:42 | Archer |
| 1:57 | Wisp |
| 2:06 | Evasion |
| 2:33 | Hunter's Hall |
| 2:48 | Archer |
| 2:48 | Archer |
| 2:54 | Wisp |
| 3:22 | Healing Salve |
| 3:31 | Ancient of Wonders |
| 3:36 | Moon Well |
| 3:38 | Archer |
| 3:48 | Archer |
| 4:09 | Strength of the Moon |
| 4:11 | Archer |
| 4:24 | Moon Well |
| 5:00 | Dust of Appearance |
| 5:10 | Wisp |
| 5:10 | Wisp |
| 5:27 | Wisp |
| 5:37 | Moon Well |
| 5:39 | Wisp |
| 5:43 | Archer |
| 5:47 | Archer |
| 6:12 | Archer |
| 6:17 | Tree of Ages |
| 6:21 | Mana Burn |
| 6:52 | Moon Well |
| 7:04 | Archer |
| 7:12 | Moon Armor |
| 7:37 | Mana Burn |
| 8:08 | Archer |
| 8:52 | Ancient of Wind |
| 9:00 | Ancient of Wind |
| 9:32 | Improved Bows |
| 9:44 | Wisp |
| 9:53 | Hippogryph |
| 9:54 | Hippogryph |
| 9:54 | Hippogryph |
| 10:03 | Hippogryph |
| 10:03 | Hippogryph |
| 10:07 | Trueshot Aura |
| 10:23 | Moonstone |
| 10:44 | Hippogryph |
| 11:17 | Hippogryph |
| 11:19 | Improved Strength of the Moon |
| 11:42 | Evasion |
| 12:16 | Hippogryph |
| 12:55 | Faerie Dragon |
| 12:58 | Faerie Dragon |
| 13:42 | Scout |
| 13:52 | Potion of Lesser Invulnerability |
| 14:02 | Scroll of Healing |
| 14:20 | Moon Well |
| 15:24 | Faerie Dragon |
| 15:45 | Tree of Life |
| 16:50 | Tree of Eternity |
| 16:54 | Glaive Thrower |
| 16:54 | Glaive Thrower |
| 19:00 | Staff of Teleportation |
| 20:38 | Wisp |
| 20:38 | Wisp |
| 20:38 | Wisp |
| 21:30 | Glaive Thrower |
| 21:30 | Glaive Thrower |
| 22:08 | Glaive Thrower |
| 22:19 | Wisp |
| 22:23 | Glaive Thrower |
| 24:14 | Trueshot Aura |
| 24:53 | Chimaera Roost |
| 24:55 | Wisp |
| 24:55 | Wisp |
| 25:42 | Dust of Appearance |
| 26:42 | Scroll of Town Portal |
| 26:50 | Chimaera |
| 26:50 | Chimaera |
| 26:51 | Chimaera |
| 27:02 | Wisp |
| 27:39 | Tree of Life |
| 27:48 | Chimaera |
| 28:46 | Chimaera |
| 30:04 | Chimaera |
| 30:09 | Wisp |
| 30:09 | Wisp |
| 30:09 | Wisp |
| 30:09 | Wisp |
| 30:09 | Wisp |
| Right click | 1536 |
| Select | 443 |
| Build/train/purchase | 124 |
| Use ability | 55 |
| Select group | 42 |
| Chat | 18 |
| Assign group | 9 |
| Resource trade | 7 |
| Misc. action | 6 |
| Item give/drop | 3 |
| Remove unit | 3 |
| Minimap ping | 2 |

| Scroll of Regeneration | 1 | 100 |
| total: | 1 | 100g |
| Peasant | 21 | 1575 | / | 0 |
| Footman | 8 | 1080 | / | 0 |
| Rifleman | 4 | 820 | / | 120 |
| Priest | 3 | 405 | / | 30 |
| Knight | 2 | 490 | / | 120 |
| Gryphon Rider | 1 | 280 | / | 70 |
| Siege Engine | 7 | 1365 | / | 420 |
| Mortar Team | 6 | 1080 | / | 420 |
| total: | 52 | 7095g | / | 1180w |
| Scout Tower | 3 | 90 | / | 60 |
| Guard Tower | 3 | 210 | / | 150 |
| Altar of Kings | 1 | 180 | / | 50 |
| Farm | 12 | 960 | / | 240 |
| Barracks | 2 | 320 | / | 120 |
| Blacksmith | 1 | 140 | / | 60 |
| Lumber Mill | 1 | 120 | / | 0 |
| Arcane Vault | 1 | 130 | / | 30 |
| Town Hall | 1 | 385 | / | 205 |
| Arcane Sanctum | 1 | 150 | / | 140 |
| Gryphon Aviary | 1 | 140 | / | 150 |
| Workshop | 4 | 560 | / | 560 |
| Keep | 1 | 320 | / | 210 |
| Castle | 1 | 360 | / | 210 |
| total: | 28 | 3175g | / | 1615w |
| 0:19 | Altar of Kings |
| 0:21 | Farm |
| 0:24 | Barracks |
| 0:25 | Peasant |
| 0:37 | Peasant |
| 0:53 | Peasant |
| 1:05 | Farm |
| 1:13 | Peasant |
| 1:28 | Peasant |
| 1:35 | Footman |
| 1:47 | Peasant |
| 1:56 | Footman |
| 2:06 | Peasant |
| 2:17 | Farm |
| 2:25 | Holy Light |
| 2:36 | Footman |
| 2:43 | Blacksmith |
| 2:49 | Peasant |
| 3:47 | Footman |
| 3:50 | Footman |
| 3:53 | Peasant |
| 3:53 | Peasant |
| 4:20 | Barracks |
| 5:19 | Footman |
| 5:23 | Farm |
| 5:27 | Farm |
| 5:41 | Devotion Aura |
| 5:50 | Rifleman |
| 6:00 | Keep |
| 6:03 | Iron Plating |
| 6:19 | Lumber Mill |
| 6:30 | Arcane Vault |
| 7:42 | Rifleman |
| 7:44 | Footman |
| 7:50 | Farm |
| 7:57 | Studded Leather Armor |
| 8:12 | Town Hall |
| 8:21 | Peasant |
| 8:21 | Peasant |
| 8:41 | Rifleman |
| 8:49 | Divine Shield |
| 9:22 | Farm |
| 9:26 | Farm |
| 9:29 | Scout Tower |
| 9:41 | Peasant |
| 9:42 | Peasant |
| 9:47 | Scroll of Regeneration |
| 10:05 | Scout Tower |
| 10:09 | Scout Tower |
| 10:10 | Guard Tower |
| 10:33 | Guard Tower |
| 10:43 | Castle |
| 11:02 | Arcane Sanctum |
| 11:06 | Footman |
| 11:20 | Peasant |
| 11:20 | Peasant |
| 11:29 | Rifleman |
| 12:12 | Iron Forged Swords |
| 12:18 | Gryphon Aviary |
| 12:26 | Improved Lumber Harvesting |
| 12:29 | Priest Adept Training |
| 12:30 | Priest |
| 12:45 | Guard Tower |
| 13:35 | Knight |
| 13:47 | Farm |
| 13:51 | Priest Master Training |
| 14:02 | Priest |
| 14:13 | Farm |
| 14:54 | Peasant |
| 14:55 | Peasant |
| 14:55 | Peasant |
| 14:55 | Peasant |
| 14:56 | Peasant |
| 15:19 | Knight |
| 15:21 | Gryphon Rider |
| 15:23 | Priest |
| 15:57 | Farm |
| 16:01 | Farm |
| 17:33 | Workshop |
| 17:39 | Workshop |
| 20:07 | Siege Engine |
| 20:08 | Siege Engine |
| 20:13 | Workshop |
| 20:47 | Workshop |
| 21:06 | Improved Masonry |
| 21:15 | Steel Plating |
| 21:34 | Siege Engine |
| 21:41 | Black Gunpowder |
| 22:13 | Siege Engine |
| 22:29 | Siege Engine |
| 22:43 | Siege Engine |
| 22:58 | Mithril Plating |
| 23:40 | Siege Engine |
| 25:35 | Mortar Team |
| 25:36 | Mortar Team |
| 25:40 | Reinforced Leather Armor |
| 25:52 | Fragmentation Shards |
| 26:03 | Mortar Team |
| 26:22 | Mortar Team |
| 26:38 | Divine Shield |
| 26:42 | Mortar Team |
| 26:56 | Refined Gunpowder |
| 27:41 | Mortar Team |
| Select | 467 |
| Right click | 398 |
| Build/train/purchase | 82 |
| Select group | 71 |
| Assign group | 27 |
| Misc. action | 25 |
| Use ability | 8 |
| Remove unit | 3 |

| Healing Salve | 5 | 500 |
| Scroll of Town Portal | 1 | 350 |
| total: | 6 | 850g |
| Peon | 11 | 825 | / | 0 |
| Grunt | 6 | 1200 | / | 0 |
| Kodo Beast | 6 | 1530 | / | 360 |
| Shaman | 6 | 780 | / | 120 |
| Wind Rider | 1 | 265 | / | 40 |
| Tauren | 11 | 3080 | / | 880 |
| Troll Witch Doctor | 5 | 725 | / | 125 |
| Demolisher | 5 | 1100 | / | 250 |
| Troll Batrider | 1 | 160 | / | 40 |
| total: | 52 | 9665g | / | 1815w |
| Watch Tower | 2 | 220 | / | 160 |
| Altar of Storms | 1 | 180 | / | 50 |
| Orc Burrow | 8 | 1280 | / | 320 |
| Barracks | 1 | 180 | / | 50 |
| Voodoo Lounge | 1 | 130 | / | 30 |
| War Mill | 1 | 205 | / | 0 |
| Beastiary | 1 | 145 | / | 140 |
| Spirit Lodge | 1 | 150 | / | 150 |
| Tauren Totem | 2 | 270 | / | 310 |
| Stronghold | 2 | 630 | / | 380 |
| Fortress | 1 | 325 | / | 190 |
| total: | 18 | 2760g | / | 1210w |
| 0:05 | Peon |
| 0:05 | Peon |
| 0:14 | Altar of Storms |
| 0:16 | Orc Burrow |
| 0:20 | Peon |
| 0:31 | Peon |
| 0:53 | Barracks |
| 1:01 | Peon |
| 1:26 | Peon |
| 1:28 | Peon |
| 1:35 | Orc Burrow |
| 1:54 | Grunt |
| 2:10 | Voodoo Lounge |
| 2:28 | Grunt |
| 2:37 | Critical Strike |
| 2:48 | Grunt |
| 2:52 | Stronghold |
| 3:55 | Grunt |
| 4:15 | War Mill |
| 4:22 | Wind Walk |
| 4:30 | Grunt |
| 4:52 | Grunt |
| 5:00 | Healing Salve |
| 5:21 | Peon |
| 5:21 | Peon |
| 5:31 | Beastiary |
| 5:59 | Orc Burrow |
| 6:09 | Spirit Lodge |
| 6:47 | Fortress |
| 6:55 | Kodo Beast |
| 6:55 | Kodo Beast |
| 7:28 | Shaman Adept Training |
| 7:33 | Orc Burrow |
| 7:51 | Critical Strike |
| 8:26 | Shaman |
| 8:30 | Orc Burrow |
| 8:32 | Kodo Beast |
| 8:38 | Tauren Totem |
| 8:47 | Healing Salve |
| 8:59 | Healing Salve |
| 9:09 | War Drums Damage Increase |
| 9:15 | Shaman Master Training |
| 9:50 | Shaman |
| 10:01 | Wind Rider |
| 10:09 | Tauren |
| 10:36 | Wind Walk |
| 10:54 | Pulverize |
| 11:04 | Troll Witch Doctor |
| 11:27 | Orc Burrow |
| 11:56 | Tauren |
| 12:07 | Witch Doctor Adept Training |
| 12:08 | Shaman |
| 12:25 | Kodo Beast |
| 12:49 | Healing Salve |
| 12:52 | Tauren |
| 13:08 | Witch Doctor Master Training |
| 13:21 | Watch Tower |
| 13:33 | Demolisher |
| 14:18 | Burning Oil |
| 14:21 | Troll Witch Doctor |
| 14:29 | Watch Tower |
| 14:36 | Troll Batrider |
| 15:14 | Shaman |
| 15:15 | Troll Witch Doctor |
| 15:18 | Critical Strike |
| 15:43 | Orc Burrow |
| 16:12 | Kodo Beast |
| 19:43 | Tauren Totem |
| 19:44 | Tauren |
| 19:48 | Demolisher |
| 19:49 | Demolisher |
| 19:51 | Shaman |
| 19:52 | Troll Witch Doctor |
| 20:15 | Kodo Beast |
| 20:25 | Shaman |
| 20:48 | Tauren |
| 20:48 | Tauren |
| 21:27 | Tauren |
| 21:27 | Tauren |
| 22:13 | Peon |
| 22:34 | Peon |
| 22:41 | Tauren |
| 22:42 | Troll Witch Doctor |
| 23:28 | Demolisher |
| 24:25 | Tauren |
| 25:22 | Tauren |
| 25:25 | Demolisher |
| 25:49 | Orc Burrow |
| 26:39 | Healing Salve |
| 26:44 | Scroll of Town Portal |
| Right click | 1079 |
| Select | 344 |
| Build/train/purchase | 92 |
| Use ability | 21 |
| Minimap ping | 3 |
| Item give/drop | 2 |
| Remove unit | 2 |



| Rod of Necromancy | 2 | 300 |
| Potion of Healing | 2 | 300 |
| Orb of Corruption | 1 | 375 |
| Scroll of Town Portal | 4 | 1400 |
| Boots of Speed | 1 | 250 |
| total: | 10 | 2625g |
| Acolyte | 9 | 675 | / | 0 |
| Ghoul | 4 | 480 | / | 0 |
| Crypt Fiend | 8 | 1720 | / | 320 |
| Obsidian Statue | 6 | 1200 | / | 210 |
| Abomination | 2 | 480 | / | 140 |
| Frost Wyrm | 5 | 1925 | / | 600 |
| Meat Wagon | 4 | 920 | / | 200 |
| Mortar Team | 1 | 180 | / | 70 |
| Shaman | 1 | 130 | / | 20 |
| total: | 40 | 7710g | / | 1560w |
| Nerubian Tower | 1 | 100 | / | 20 |
| Crypt | 1 | 200 | / | 50 |
| Altar of Darkness | 1 | 180 | / | 50 |
| Ziggurat | 8 | 1200 | / | 400 |
| Graveyard | 1 | 215 | / | 0 |
| Tomb of Relics | 1 | 130 | / | 30 |
| Necropolis | 1 | 225 | / | 0 |
| Slaughterhouse | 2 | 280 | / | 270 |
| Sacrificial Pit | 1 | 75 | / | 150 |
| Boneyard | 1 | 175 | / | 200 |
| Halls of the Dead | 1 | 320 | / | 210 |
| Black Citadel | 1 | 325 | / | 230 |
| total: | 17 | 2680g | / | 1150w |
| 0:04 | Acolyte |
| 0:04 | Acolyte |
| 0:16 | Crypt |
| 0:18 | Altar of Darkness |
| 0:33 | Ziggurat |
| 1:01 | Graveyard |
| 1:17 | Ghoul |
| 1:17 | Ghoul |
| 1:24 | Tomb of Relics |
| 1:45 | Ghoul |
| 1:53 | Ziggurat |
| 2:16 | Nerubian Tower |
| 2:25 | Death Coil |
| 2:30 | Crypt Fiend |
| 2:36 | Rod of Necromancy |
| 2:36 | Rod of Necromancy |
| 3:02 | Crypt Fiend |
| 3:30 | Crypt Fiend |
| 4:10 | Crypt Fiend |
| 4:12 | Halls of the Dead |
| 4:16 | Unholy Aura |
| 4:43 | Ghoul |
| 4:46 | Ziggurat |
| 5:31 | Unholy Aura |
| 5:49 | Boots of Speed |
| 5:53 | Crypt Fiend |
| 5:59 | Ziggurat |
| 6:01 | Creature Carapace |
| 7:18 | Potion of Healing |
| 7:22 | Black Citadel |
| 7:30 | Slaughterhouse |
| 7:32 | Web |
| 7:38 | Sacrificial Pit |
| 8:14 | Creature Attack |
| 8:33 | Obsidian Statue |
| 8:33 | Obsidian Statue |
| 8:36 | Frost Nova |
| 9:34 | Ziggurat |
| 9:37 | Ziggurat |
| 9:49 | Scroll of Town Portal |
| 10:10 | Destroyer Form |
| 11:06 | Crypt Fiend |
| 11:12 | Dark Ritual |
| 11:24 | Death Coil |
| 12:22 | Impale |
| 12:28 | Abomination |
| 12:28 | Disease Cloud |
| 12:31 | Boneyard |
| 12:37 | Orb of Corruption |
| 13:51 | Frost Wyrm |
| 13:52 | Freezing Breath |
| 13:54 | Obsidian Statue |
| 14:08 | Acolyte |
| 14:38 | Necropolis |
| 15:30 | Meat Wagon |
| 15:36 | Acolyte |
| 15:42 | Frost Wyrm |
| 15:46 | Improved Creature Carapace |
| 15:46 | Advanced Creature Carapace |
| 15:55 | Acolyte |
| 15:55 | Acolyte |
| 15:56 | Acolyte |
| 16:34 | Meat Wagon |
| 16:37 | Acolyte |
| 16:38 | Acolyte |
| 17:06 | Frost Wyrm |
| 18:41 | Meat Wagon |
| 19:12 | Ziggurat |
| 19:15 | Slaughterhouse |
| 19:19 | Improved Creature Attack |
| 19:23 | Obsidian Statue |
| 20:03 | Unholy Strength |
| 20:04 | Unholy Armor |
| 21:15 | Frost Armor |
| 21:53 | Scroll of Town Portal |
| 21:57 | Frost Wyrm |
| 22:00 | Meat Wagon |
| 22:01 | Obsidian Statue |
| 22:44 | Crypt Fiend |
| 22:44 | Crypt Fiend |
| 22:47 | Advanced Creature Attack |
| 22:49 | Abomination |
| 22:50 | Obsidian Statue |
| 22:54 | Frost Wyrm |
| 23:10 | Spiked Carapace |
| 24:43 | Scroll of Town Portal |
| 24:48 | Scroll of Town Portal |
| 27:30 | Ziggurat |
| 28:41 | Unholy Aura |
| 29:39 | Potion of Healing |
| 29:50 | Mortar Team |
| 30:10 | Shaman |
| Right click | 735 |
| Select group | 530 |
| Select | 441 |
| Misc. action | 211 |
| Assign group | 112 |
| Build/train/purchase | 106 |
| Use ability | 78 |
| Remove unit | 6 |
| Item give/drop | 4 |
| Minimap ping | 2 |
⇛